 Dungeon Crawl Stone Soup version 0.26-a0-808-g930a2b7adc (webtiles) character file.

Game seed: 14753405583927181643

489 Riddle the Skirmisher (level 7, -1/40 HPs)
             Began as a Gargoyle Fighter on Nov 12, 2020.
             Was an Initiate of Hepliaklqana.
             Killed from afar by Natasha (4 damage)
             ... with a puff of flame
             ... on level 3 of the Dungeon.
             The game lasted 00:03:42 (2949 turns).

Riddle the Skirmisher (Gargoyle Fighter)            Turns: 2949, Time: 00:03:43

Health: -1/40      AC: 12    Str: 21    XL:     7   Next: 14%
Magic:  7/7        EV:  7    Int:  9    God:    Hepliaklqana [......]
Gold:   153        SH: 10    Dex:  9    Spells: 6/6 levels left

rFire    . . .     SeeInvis .   a - +0 war axe
rCold    . . .     Faith    .   c - +0 kite shield
rNeg     + + .     Spirit   .   b - +0 scale mail
rPois    ∞         Reflect  .   (no helmet)
rElec    +         Harm     .   (no cloak)
rCorr    .         Rampage  .   (no gloves)
MR       .....                  (no boots)
Stlth    ..........             (no amulet)
HPRegen  0.13/turn              k - ring of positive energy
MPRegen  0.10/turn              (no ring)

@: no status effects
A: reduced essence, negative energy resistance 1, electricity resistance,
unbreathing, petrification resistance, rot immunity, AC +4
a: Recall Ancestor, Ancestor Identity, Renounce Religion


You were on level 3 of the Dungeon.
You worshipped Hepliaklqana.
Hepliaklqana was noncommittal.
You visited 1 branch of the dungeon, and saw 3 of its levels.

You collected 153 gold pieces.

Inventory:

Hand Weapons
 a - a +0 war axe (weapon)
Armour
 b - a +0 scale mail (worn)
 c - a +0 kite shield (worn)
Jewellery
 k - a ring of positive energy (left hand)
Wands
 l - a wand of random effects (24)
Scrolls
 f - a scroll of enchant weapon {unknown}
 g - 2 scrolls of enchant armour {unknown}
 h - a scroll of remove curse {unknown}
 i - 3 scrolls of teleportation {unknown}
 m - 2 scrolls of identify {unknown}
Potions
 d - 2 potions of might
 e - 2 potions of flight {unknown}
 j - a potion of brilliance {unknown}


   Skills:
 + Level 5.6 Fighting
 - Level 1.7 Axes
 + Level 5.6 Armour
 + Level 5.6 Shields


You had 6 spell levels left.
You didn't know any spells.
Your spell library was empty.

Dungeon Overview and Level Annotations

Branches:
Dungeon (3/15)

Altars:
Elyvilon
Hepliaklqana
Ru
Vehumet

Annotations:
D:3 Natasha


Innate Abilities, Weirdness & Mutations

You are resistant to torment.
Your stone body is resilient. (AC +4)
You are immune to poison.
You resist negative energy. (rN+)
You are resistant to electric shocks. (rElec)
You can survive without breathing.
You are immune to petrification.
You are immune to rotting.
Your life essence is reduced to manifest your ancestor. (-10% HP)


Message History

Dumb dog barely misses the iron imp.
The crimson imp laughs crazily.
The crimson imp blinks!
Dumb dog hits the iron imp but does no damage.
The iron imp hits Dumb dog.
Natasha howls an incantation.
Natasha glows brightly for a moment.
You block Natasha's attack.
Okay, then.
Natasha casts a spell at you. You resist with some effort.
Dumb dog hits Natasha.
Something hits Dumb dog.
You block the iron imp's attack.
Dumb dog barely misses the iron imp.
The iron imp closely misses Dumb dog.
Natasha zaps a wand.
The puff of flame hits you.
* * * LOW HITPOINT WARNING * * *
You feel yourself speed up.
The iron imp disappears in a puff of smoke!
Natasha zaps a wand.
The puff of flame hits you.
You die...

#.#<....# #....'.#.#####
#..^.#.#....#
#.....#####.######..
###.....# #..@..@.#
#.......# #######.#
#.......# ## #.....!.# #.
#.....@.# #. #.......# #.
#.....5h# # ## #.......#
#. #.....R.# #.######
#.....§## ...##.†
#......###########.##†.
#........5.§.......#.....
#.######.....†..........#


You could see the friendly Dumb dog the ancestor, an iron imp (summoned),
Natasha and a crimson imp (summoned).

Vanquished Creatures
  An orc wizard (D:3)
  2 orc priests (D:3)
  Jessica (D:3)
  Natasha (D:3)
  5 gnolls
  4 adders
  2 worms
  7 dart slugs
  3 leopard geckos
  An orc (D:3)
  9 bats
  3 giant cockroaches
  2 hobgoblins (D:1)
  4 jackals (D:2)
  2 quokkas (D:2)
  A ball python (D:1)
  2 frilled lizards (D:1)
  9 goblins
  6 kobolds
  6 rats
71 creatures vanquished.

Vanquished Creatures (collateral kills)
  Sigmund (D:3)
  Natasha (D:3)
  A gnoll (D:3)
  A goblin (D:3)
4 creatures vanquished.

Grand Total: 75 creatures vanquished

Notes
Turn   | Place    | Note
-------+----------+-------------------------------------------
     0 | D:1      | Riddle the Gargoyle Fighter began the quest for the Orb.
     0 | D:1      | Reached XP level 1. HP: 14/14 MP: 1/1
   148 | D:1      | Reached XP level 2. HP: 14/19 MP: 2/2
   636 | D:1      | Reached XP level 3. HP: 24/24 MP: 3/3
  1540 | D:2      | Reached XP level 4. HP: 26/29 MP: 4/4
  2226 | D:2      | Found a white marble altar of Elyvilon.
  2231 | D:2      | Found a hazy altar of Hepliaklqana.
  2235 | D:2      | Reached XP level 5. HP: 34/34 MP: 5/5
  2239 | D:2      | Found a radiant altar of Vehumet.
  2243 | D:2      | Became a worshipper of Hepliaklqana the Forgotten
  2291 | D:2      | Found a sacrificial altar of Ru.
  2442 | D:3      | Noticed Sigmund
  2483 | D:3      | Noticed Natasha
  2487 | D:3      | Killed Natasha
  2635 | D:3      | Reached XP level 6. HP: 26/36 MP: 6/6
  2828 | D:3      | Reached skill level 5 in Fighting
  2828 | D:3      | Reached skill level 5 in Armour
  2828 | D:3      | Reached skill level 5 in Shields
  2851 | D:3      | Noticed Jessica
  2861 | D:3      | Killed Jessica
  2894 | D:3      | Noticed Natasha
  2895 | D:3      | Killed Sigmund
  2895 | D:3      | Reached XP level 7. HP: 27/39 MP: 7/7
  2903 | D:3      | Killed Natasha
  2931 | D:3      | Noticed Natasha
  2949 | D:3      | Killed from afar by Natasha

Illustrated notes

Levels and vault maps discovered:
D:1:      saegor_arrival_under_anarchy, layout_loops_corners, minivault_19
D:2:      layout_loops_ring, minitemple, nicolae_ru_path_of_blood
D:3:      layout_basic, uniq_natasha, uniq_sigmund, uniq_jessica

Skill      XL: |  1  2  3  4  5  6 |
---------------+-------------------+-----
Shields        | 4 5 |  5.6
Fighting       | 4 5 |  5.6
Armour         | 4 5 |  5.6
Axes           | |  1.7

Action                   |  1- 3 |  4- 6 |  7- 9 || total
-------------------------+-------+-------+-------++-------
Melee: War axe           |   172 |   142 |    10 ||   324
Invok: Ancestor Identity |       |     3 |       ||     3
       Recall Ancestor   |       |     1 |       ||     1
Armor: Scale mail        |   100 |    82 |    14 ||   196
Dodge: Dodged            |    52 |    47 |     6 ||   105
Block: Kite shield       |    93 |    97 |     7 ||   197

Table legend: (Time is in decaauts)
 A = Elapsed time spent in this place.
 B = Non-inter-level travel time spent in this place.
 C = Inter-level travel time spent in this place.
 D = Time resting spent in this place.
 E = Time spent auto-exploring this place.
 F = Levels seen in this place.
 G = Mean time per level.
                   A        B        C        D        E       F      G
               +--------+--------+--------+--------+--------+-----+--------+
         Total |   3112 |   2998 |    114 |     28 |   2237 |   3 | 1037.3 |
       Dungeon |   3112 |   2998 |    114 |     28 |   2237 |   3 | 1037.3 |
               +--------+--------+--------+--------+--------+-----+--------+

Top non-repeatable levels by time:
     D:1: 1319 daAuts
     D:2: 1255 daAuts
     D:3: 537 daAuts
